 Dungeon Crawl Stone Soup version 0.17.1-3-g152610e (webtiles) character file.

79 jacquesderrida the Caller (level 4, -1/27 HPs)
             Began as a High Elf Summoner on Apr 6, 2016.
             Slain by an iguana (2 damage)
             ... on level 4 of the Dungeon.
             The game lasted 00:07:07 (913 turns).

jacquesderrida the Caller (High Elf Summoner)        Turns: 913, Time: 00:07:07

Health: -1/27      AC:  3    Str: 11    XL:     4   Next: 16%
Magic:  4/17       EV: 13    Int: 18    God:
Gold:   14         SH:  0    Dex: 16    Spells: 3 memorised, 1 level left

rFire  + . .     SeeInvis .     n - +5 mace "Tawaic" {vamp, rF+ rN+ MP+9 Str+3}
rCold  . . .     Clarity  .     a - +0 robe
rNeg   + . .     SustAt   .     (no shield)
rPois  .         Gourm    .     o - +0 helmet
rElec  .         Spirit   .     (no cloak)
rCorr  .         Warding  .     (no gloves)
rMut   .         Stasis   .     (no boots)
MR     .....                    (no amulet)
Stlth  ++........               (no ring)
                                (no ring)

@: very slightly contaminated, hasted, very quick, not resistant to hostile
enchantments, unstealthy
A: no striking features
a: no special abilities


You were on level 4 of the Dungeon.
You were hungry.

You visited 1 branch of the dungeon, and saw 5 of its levels.

You collected 14 gold pieces.

Inventory:

Hand Weapons
 e - a +0 hand axe
 i - a +0 rapier
 n - the +5 mace "Tawaic" (weapon) {vamp, rF+ rN+ MP+9 Str+3}
   (You found it on level 4 of the Dungeon)

   It inflicts no extra harm, but heals its wielder somewhat when it strikes a
   living foe.
   It affects your strength (+3).
   It protects you from fire.
   It protects you from negative energy.
   It affects your magic capacity (+9).
Missiles
 h - 12 poisoned needles
Armour
 a - a +0 robe (worn)
 o - a +0 helmet (worn)
Jewellery
 l - an uncursed ring of ice
Scrolls
 d - a scroll of teleportation {unknown}
 f - 2 scrolls of remove curse {unknown}
 g - 2 scrolls of amnesia {unknown}
 j - a scroll of identify {unknown}
Books
 b - a book of Callings

   Spells                             Type                      Level
   a - Summon Small Mammal            Summoning                    1
   b - Call Imp                       Summoning                    2
   c - Call Canine Familiar           Summoning                    3
   d - Summon Guardian Golem          Hexes/Summoning              3
   e - Summon Lightning Spire         Summoning/Air                4
   f - Summon Ice Beast               Ice/Summoning                4
Comestibles
 c - 3 bread rations
 k - a chunk of flesh


   Skills:
 - Level 2.1 Dodging
 - Level 2.1 Stealth
 - Level 2.4 Spellcasting
 + Level 5.2 Summonings


You had one spell level left.
You knew the following spells:

 Your Spells              Type           Power        Failure   Level  Hunger
a - Summon Small Mammal   Summ           ###.         1%          1    #......
b - Call Imp              Summ           ###.....     3%          2    ##.....
c - Call Canine Familiar  Summ           ###.....     10%         3    ###....


Dungeon Overview and Level Annotations

Branches:
Dungeon (5/15)
 Temple: D:4-7

Altars:
Elyvilon
Fedhas
Gozag
Qazlal
Yredelemnul

Annotations:
D:4 Urist's ghost, amateur HOFi


Message History

Your hound disappears in a puff of smoke!
Something hits you. Something shocks you.
Unknown command.
Your crimson imp closely misses something.
Drink which item? (? for menu, Esc to quit)
It was a potion of haste.
You feel yourself speed up.
A sky beast appears from thin air!
Reactivating autopickup.
The sky beast hits you.
* * * LOW HITPOINT WARNING * * *
The sky beast shocks you.
* * * LOW HITPOINT WARNING * * *
Your crimson imp closely misses the sky beast.
You are very lightly contaminated with residual magic.
Unknown command.
There is a stone staircase leading up, spattered with blood here.
You climb upwards.
Level annotation: Urist's ghost, amateur HOFi Urist's ghost closely misses you.
The iguana bites you.
You die...

.####.####...#.#.#
.##.....##.......#
.#.......#.......#
.#.......#.......#
.l..._...........#
.#.......#.......#
.#.......#.###...#######
.##.....##.# ##l.......#
.####.####. #W@......#
... .$. ##.Y.....# ...#
#### #.......# ####
#.......# #....(..#
#.......# #.......#
#.......#


You could see a sky beast, an iguana and Urist's ghost.

Vanquished Creatures
  A scorpion (D:5)
  An adder (D:3)
  A giant newt (D:4)
  A rat (D:2)
4 creatures vanquished.

Vanquished Creatures (collateral kills)
  A centaur skeleton (D:4)
  A worm (D:2)
  2 orcs
  3 bats
  2 giant cockroaches
  2 goblins (D:2)
  2 giant geckos
  2 giant newts (D:1)
  3 rats
18 creatures vanquished.

Grand Total: 22 creatures vanquished

Notes
Turn   | Place    | Note
--------------------------------------------------------------
     0 | D:1      | jacquesderrida the High Elf Summoner began the quest for the Orb.
     0 | D:1      | Reached XP level 1. HP: 11/11 MP: 4/4
   213 | D:2      | Reached skill level 4 in Summonings
   346 | D:3      | Found a white marble altar of Elyvilon.
   346 | D:3      | Found a basalt altar of Yredelemnul.
   347 | D:3      | Found an opulent altar of Gozag.
   403 | D:2      | Reached XP level 2. HP: 13/17 MP: 3/6
   425 | D:2      | Learned a level 2 spell: Call Imp
   468 | D:3      | Found a faded altar to an unknown god.
   627 | D:4      | Reached XP level 3. HP: 21/21 MP: 1/7
   636 | D:4      | Learned a level 3 spell: Call Canine Familiar
   671 | D:4      | Got a sapphire mace
   678 | D:4      | Identified the +5 mace "Tawaic" {vamp, rF+ rN+ MP+9 Str+3} (You found it on level 4 of the Dungeon)
   693 | D:4      | Noticed Urist's ghost (amateur HOFi)
   753 | D:4      | Found a blossoming altar of Fedhas.
   829 | D:4      | Found a stormy altar of Qazlal.
   856 | D:5      | Entered Level 5 of the Dungeon
   856 | D:5      | Noticed a scorpion
   860 | D:5      | Killed a scorpion
   860 | D:5      | Reached skill level 5 in Summonings
   860 | D:5      | Reached XP level 4. HP: 20/27 MP: 5/8
   865 | D:5      | Noticed a sky beast
   881 | D:5      | Noticed a giant frog
   910 | D:5      | HP: 1/27 [sky beast (6)]
   913 | D:4      | Slain by an iguana

Action                   |  1- 3 |  4- 6 || total
-------------------------+-------+-------++-------
Melee: Hand axe          |     3 |       ||     3
       Rapier            |     4 |       ||     4
       Mace              |     5 |     2 ||     7
 Cast: Summon Small Mamm |    23 |       ||    23
       Call Imp          |    11 |     3 ||    14
       Call Canine Famil |     3 |     1 ||     4
  Use: Potion            |       |     1 ||     1
 Stab: Sleeping          |     1 |       ||     1
  Eat: Meat ration       |     1 |       ||     1
